 Dungeon Crawl Stone Soup version 0.26.1-11-gd32895ea62 (webtiles) character file.

Game seed: 8912051149435708603

2017 phalm the Conjurer (level 9, 62/66 HPs)
             Began as a Demonspawn Conjurer on June 24, 2021.
             Quit the game on level 6 of the Dungeon.
             The game lasted 00:14:31 (8277 turns).

phalm the Conjurer (Demonspawn Conjurer)            Turns: 8277, Time: 00:14:32

Health: 62/66      AC:  8    Str:  8    XL:     9   Next: 3%
Magic:  7/16       EV: 12    Int: 23    God:
Gold:   80         SH:  0    Dex: 11    Spells: 6/17 levels left

rFire    . . .     SeeInvis .   p - +2 war axe (vorpal)
rCold    + . .     Faith    .   (no shield)
rNeg     . . .     Spirit   .   I - +2 robe
rPois    .         Reflect  .   (helmet restricted)
rElec    .         Harm     .   o - +0 cloak
rCorr    .         Rampage  .   x - +2 pair of gloves
Will     .....                  (no boots)
Stlth    +.........             l - amulet of inaccuracy (curse)
HPRegen  0.21/turn              Z - ring of wizardry
MPRegen  0.15/turn              s - ring of attention (curse)

@: no status effects
A: antennae 2, cold resistance 1
a: no special abilities


You were on level 6 of the Dungeon.
You visited 1 branch of the dungeon, and saw 6 of its levels.

You collected 292 gold pieces.
You spent 212 gold pieces at shops.


Innate Abilities, Weirdness & Mutations

You have a pair of antennae on your head.
Your flesh is cold resistant. (rC+)


   Skills:
 + Level 4.6 Fighting
 - Level 1.7 Dodging
 - Level 1.7 Stealth
 + Level 4.7 Spellcasting
 + Level 6.7 Conjurations
 * Level 5.0 Hexes
 * Level 5.2 Translocations


You had 6 spell levels left.
You knew the following spells:

 Your Spells              Type           Power        Failure   Level
f - Fulminant Prism       Conj/Hex       16%          3%          4
m - Magic Dart            Conj           100%         1%          1
s - Searing Ray           Conj           72%          1%          2
X - Iskenderun's Mystic   Conj/Tloc      33%          3%          4

Your spell library contained the following spells:

 Spells                   Type           Power        Failure   Level
 Corona                   Hex            31%          1%          1
 Confusing Touch          Hex            28%          1%          3
 Dazzling Flash           Conj/Hex       64%          1%          3
 Tukima's Dance           Hex            28%          1%          3
 Ensorcelled Hibernation  Hex/Ice        34%          2%          2

Inventory:

Hand Weapons
 c - a +0 spear
   (You found it on level 1 of the Dungeon)
 i - a +1 dagger of venom
   (You took it off a kobold on level 1 of the Dungeon)
 p - a +2 vorpal war axe (weapon)
   (You took it off an orc on level 3 of the Dungeon)
Missiles
 a - 3 boomerangs
 d - 244 stones
 e - 49 sling bullets
 n - 152 arrows
 G - 8 poisoned darts
Armour
 o - a +0 cloak (worn)
   (You took it off Crazy Yiuf on level 2 of the Dungeon)
 x - a +2 pair of gloves (worn)
   (You bought it in a shop on level 4 of the Dungeon)
 H - the +3 ring mail of Weightlessness {Harm rCorr}
   (You found it on level 6 of the Dungeon)

   It provides partial protection from all sources of acid and corrosion.
   It increases damage dealt and taken.
 I - a +2 robe (worn)
   (You bought it in a shop on level 4 of the Dungeon)
Jewellery
 l - a cursed amulet of inaccuracy (around neck)
   (You found it on level 2 of the Dungeon)
 s - a cursed ring of attention (right hand)
   (You found it on level 3 of the Dungeon)
 t - an uncursed amulet of faith {unknown}
   (You found it on level 3 of the Dungeon)
 C - an uncursed ring of protection from cold
   (You found it on level 3 of the Dungeon)
 Q - an uncursed ring of stealth
   (You found it on level 6 of the Dungeon)
 Z - a ring of wizardry (left hand)
   (You found it on level 2 of the Dungeon)
Wands
 q - a wand of random effects (9)
   (You found it on level 3 of the Dungeon)
 v - a wand of paralysis (3)
   (You took it off Ijyb on level 4 of the Dungeon)
 D - a wand of iceblast (11)
   (You found it on level 5 of the Dungeon)
 E - a wand of disintegration (15)
   (You found it on level 5 of the Dungeon)
Scrolls
 b - 3 scrolls of identify {unknown}
 j - a scroll of fear {unknown}
 k - a scroll of remove curse {unknown}
 m - a scroll of enchant armour {unknown}
 r - a scroll of teleportation {@r4}
 w - 2 scrolls of magic mapping {unknown}
 y - a scroll of fog {unknown}
 A - a scroll of immolation {unknown}
Potions
 f - a potion of degeneration {unknown}
 g - 2 potions of ambrosia {unknown}
 h - a potion of mutation {unknown}
 u - 2 potions of curing {@q1}
 z - 2 potions of attraction {unknown}
 B - a potion of brilliance {unknown}
 F - a potion of cancellation {unknown}

Dungeon Overview and Level Annotations

Branches:
Dungeon (6/15)
 Temple: D:4-7

Altars:
Ashenzari
Kikubaaqudgha
Xom
Zin

Shops:
D:4 [*:   D:6 [*

Annotations:
D:4 3 runed translucent doors, dtburroughs's ghost, amateur MiBe

######### #.)......
#######@##### #.
#...........###.#####
#.......###.#.......#
#.......##..........#
###.......##..........# ##
......................# #.
###.......##..........###.
+..................†....
#........####.......###.


There were no monsters in sight!


Message History

You lost 1 mp, and now have 11/15 mp.
Casting: Magic Dart (safe; 1% risk of failure)
Confirm with . or Enter, or press ? or * to list all spells.
Aiming: Magic Dart (safe; 1% risk of failure)
Press: ? - help, Shift-Dir - straight line, f/p - bullfrog skeleton
Aim: a bullfrog skeleton (heavily damaged, 0% to evade)
The magic dart hits the bullfrog skeleton!
The bullfrog skeleton barely misses you.
The bullfrog skeleton misses you. 😎 MP[-1]
You lost 1 mp, and now have 10/15 mp.
Casting: Magic Dart (safe; 1% risk of failure)
Confirm with . or Enter, or press ? or * to list all spells.
Aiming: Magic Dart (safe; 1% risk of failure)
Press: ? - help, Shift-Dir - straight line, f/p - bullfrog skeleton
Aim: a bullfrog skeleton (severely damaged, 0% to evade)
The magic dart hits the bullfrog skeleton.
The bullfrog skeleton hits you. 😕 HP[-3] MP[-1]
You take 3 damage, and now have 58/61 hp.
You lost 1 mp, and now have 9/15 mp.
Casting: Magic Dart (safe; 1% risk of failure)
Confirm with . or Enter, or press ? or * to list all spells.
Aiming: Magic Dart (safe; 1% risk of failure)
Press: ? - help, Shift-Dir - straight line, f/p - bullfrog skeleton
Aim: a bullfrog skeleton (almost destroyed, 0% to evade)
The magic dart hits the bullfrog skeleton.
You destroy the bullfrog skeleton!
Casting: Magic Dart (safe; 1% risk of failure)
Confirm with . or Enter, or press ? or * to list all spells.
You can't see any susceptible monsters within range! (Use Z to cast anyway.)
You see here a giant cockroach corpse.
You see here a ring mail.
You now have 80 gold pieces (gained 10).
A hound comes into view.
The hound barks!
A centaur comes into view. 😎 HP[+3] MP[+6]
Your hp is fully restored (61).
Your mp is fully restored (15).
Casting: Magic Dart (safe; 1% risk of failure)
Confirm with . or Enter, or press ? or * to list all spells.
Aiming: Magic Dart (safe; 1% risk of failure)
Press: ? - help, Shift-Dir - straight line, f - hound
Aim: a hound (0% to evade)
The magic dart hits the hound.
The centaur shouts! 😎 MP[-1]
You lost 1 mp, and now have 14/15 mp.
Casting: Magic Dart (safe; 1% risk of failure)
Confirm with . or Enter, or press ? or * to list all spells.
Aiming: Magic Dart (safe; 1% risk of failure)
Press: ? - help, Shift-Dir - straight line, f/p - hound
Aim: a hound (lightly wounded, 0% to evade)
The magic dart hits the hound but does no damage. 😎 MP[-1]
You lost 1 mp, and now have 13/15 mp.
Casting: Magic Dart (safe; 1% risk of failure)
Confirm with . or Enter, or press ? or * to list all spells.
Aiming: Searing Ray (safe; 1% risk of failure)
Press: ? - help, Shift-Dir - straight line, f - centaur, p - hound
Aim: a centaur, quivering 22 arrows (17% to evade)
The searing ray misses the hound.
The searing ray hits the centaur. (Press . to maintain the ray.)
The hound bites you. 😕 HP[-3] MP[-2]
You take 3 damage, and now have 58/61 hp.
You lost 2 mp, and now have 11/15 mp.
The searing ray hits the hound!
The searing ray hits the centaur!
The hound bites you but does no damage. 😕 MP[-1]
You lost 1 mp, and now have 10/15 mp.
The searing ray hits the hound.
The searing ray hits the centaur.
The hound barely misses you.
The hound bites you but does no damage. 😕 MP[-1]
You lost 1 mp, and now have 9/15 mp.
The searing ray hits the hound.
You kill the hound!
The searing ray hits the centaur.
You finish channeling your searing ray.
The centaur hits you.
Your Hexes skill increases to level 5! 😕 HP[-1] MP[-1]
You take 1 damage, and now have 57/61 hp.
You lost 1 mp, and now have 8/15 mp.
Casting: Searing Ray (safe; 1% risk of failure)
Confirm with . or Enter, or press ? or * to list all spells.
Aiming: Searing Ray (safe; 1% risk of failure)
Press: ? - help, Shift-Dir - straight line, f/p - centaur
Aim: a centaur, quivering 22 arrows (almost dead, 17% to evade)
The searing ray hits the centaur!
You kill the centaur! (Press . to maintain the ray.)
You have reached level 9!
Your experience leads to an increase in your attributes!
Increase (S)trength, (I)ntelligence, or (D)exterity?
You feel clever.
Your demonic ancestry asserts itself...
You feel resistant to cold. 😕 HP[+5] MP[-1]
You now have 66 max hp (+5).
You regained 5 hp, and now have 62/66 hp.
Are you sure you want to abandon this character and quit the game? (Confirm with "yes".)

Skill      XL: |  1  2  3  4  5  6  7  8 |
---------------+-------------------------+-----
Fighting       | 1 2 3 4 |  4.6
Conjurations   | 5 6 |  6.7
Spellcasting   | 3 4 |  4.7
Translocations | 2 4 5 |  5.2
Hexes          | 1 3 5 |  5.0
Dodging        | |  1.7
Stealth        | |  1.7

Action                   |  1- 3 |  4- 6 |  7- 9 || total
-------------------------+-------+-------+-------++-------
Melee: Spear             |     6 |       |       ||     6
       Dagger            |     3 |    14 |       ||    17
       War axe           |       |    12 |    19 ||    31
 Cast: Magic Dart        |    42 |   129 |   108 ||   279
       Searing Ray       |     1 |     9 |    28 ||    38
Evoke: Wand              |       |       |     2 ||     2
  Use: Potion            |       |     2 |       ||     2
       Scroll            |       |     1 |       ||     1
 Stab: Sleeping          |     1 |       |       ||     1
       Paralysed         |       |       |     2 ||     2
Armor: Robe              |     8 |     7 |    16 ||    31
Dodge: Dodged            |     8 |    41 |    46 ||    95

Levels and vault maps discovered:
D:1:      heliophobic_arrival_ceremonial_halls, layout_basic
D:2:      layout_rooms, serial_glass, glass_columns_b, glass_columns_b,
          tgw_kikubaaqudgha, uniq_sigmund, uniq_crazy_yiuf_cottage, uniq_jessica
D:3:      layout_basic, lemuel_coloured_pillars_altar
D:4:      layout_cave_pools, gammafunk_ghost_nasty_kobolds, serial_shops,
          nicolae_shop_behind_doors, shop, nicolae_shop_behind_doors, uniq_ijyb,
          uniq_blork_the_orc, uniq_grinder, uniq_natasha
D:5:      layout_loops_cross, lemuel_round_altar, amcnicky_mini_pool_small,
          st_stairs_1
D:6:      layout_basic, zin_purify, lemuel_zombie_altar_yredelemnul,
          serial_shops, kennysheep_mini, grunt_decor_arrowhead

Notes
Turn   | Place    | Note
-------+----------+-------------------------------------------
     0 | D:1      | phalm the Demonspawn Conjurer began the quest for the Orb.
     0 | D:1      | Reached XP level 1. HP: 13/13 MP: 3/3
     0 | D:1      | magus.rc [v1.9.10]
   348 | D:1      | Gained mutation: You have a pair of small antennae on your
                  | head. [demonic ancestry]
   348 | D:1      | Reached XP level 2. HP: 20/20 MP: 1/5
   361 | D:1      | Learned a level 2 spell: Searing Ray
   864 | D:1      | Reached skill level 1 in Fighting
  1020 | D:2      | Reached XP level 3. HP: 26/26 MP: 1/6
  1075 | D:2      | Noticed Jessica
  1084 | D:2      | Killed Jessica
  1267 | D:2      | Gained mutation: You have a pair of antennae on your head.
                  | [demonic ancestry]
  1267 | D:2      | Reached XP level 4. HP: 32/32 MP: 0/7
  1498 | D:2      | Reached skill level 5 in Conjurations
  1675 | D:2      | Reached skill level 2 in Fighting
  1836 | D:2      | Learned a level 4 spell: Iskenderun's Mystic Blast
  1836 | D:2      | Found an ancient bone altar of Kikubaaqudgha.
  1838 | D:2      | Noticed a human
  1840 | D:2      | Killed a human
  1865 | D:2      | Noticed Sigmund
  1893 | D:2      | HP: 6/33 [Sigmund/puff of flame (11)]
  1902 | D:2      | Killed Sigmund
  1903 | D:2      | Reached skill level 3 in Spellcasting
  1903 | D:2      | Reached skill level 2 in Translocations
  1903 | D:2      | Reached XP level 5. HP: 28/39 MP: 1/9
  1903 | D:2      | Reached XP level 6. HP: 33/46 MP: 1/10
  2055 | D:2      | Learned a level 4 spell: Fulminant Prism
  2243 | D:2      | Found a runed translucent door.
  2244 | D:2      | Noticed Crazy Yiuf
  2349 | D:2      | Killed Crazy Yiuf
  3425 | D:3      | Reached skill level 1 in Hexes
  3966 | D:3      | Found a shimmering altar of Xom.
  4119 | D:4      | Noticed Blork the orc
  4128 | D:4      | Killed Blork the orc
  4129 | D:4      | Reached skill level 3 in Fighting
  4221 | D:4      | Noticed Ijyb
  4225 | D:4      | Killed Ijyb
  4312 | D:4      | Reached XP level 7. HP: 52/52 MP: 0/12
  4354 | D:4      | Noticed Natasha
  4358 | D:4      | Killed Natasha
  4429 | D:4      | Found Ynoneuho's General Store.
  4439 | D:4      | Reached skill level 2 in Hexes
  4439 | D:4      | Reached skill level 3 in Translocations
  4731 | D:4      | Found Miuss's Antique Armour Emporium.
  4741 | D:4      | Bought a pair of runed gloves for 142 gold pieces
  4822 | D:4      | Noticed Grinder
  4826 | D:4      | Killed Grinder
  4886 | D:4      | Noticed Natasha
  4891 | D:4      | Reached skill level 6 in Conjurations
  4893 | D:4      | Killed Natasha
  4894 | D:4      | Reached skill level 3 in Hexes
  4966 | D:4      | You pick up a book of Maledictions and begin reading...
  4966 | D:4      | You add the spells Corona, Ensorcelled Hibernation,
                  | Confusing Touch and Tukima's Dance to your library.
  5015 | D:4      | Reached skill level 4 in Spellcasting
  5363 | D:4      | Found a runed translucent gate.
  5363 | D:4      | Found a runed translucent gate.
  5364 | D:4      | Found a runed translucent gate.
  5366 | D:4      | Noticed dtburroughs's ghost (amateur MiBe)
  5367 | D:4      | Identified the +10 whip "Sugat" {drain, rC+ Stlth+}
  5451 | D:4      | Found Ydaufub's Book Shoppe.
  5471 | D:4      | Noticed Natasha
  5477 | D:4      | Killed Natasha
  5621 | D:5      | Entered Level 5 of the Dungeon
  5660 | D:5      | Reached skill level 4 in Translocations
  5660 | D:5      | Reached XP level 8. HP: 31/60 MP: 6/14
  5662 | D:5      | HP: 14/60 [bullfrog (4)]
  5985 | D:5      | Reached skill level 4 in Fighting
  6515 | D:5      | Reached skill level 4 in Hexes
  7166 | D:5      | Reached skill level 5 in Translocations
  7226 | D:5      | Found a broken altar of Ashenzari.
  7583 | D:6      | Got a smoking ring mail
  7594 | D:6      | Identified the +3 ring mail of Weightlessness {Harm rCorr}
                  | (You found it on level 6 of the Dungeon)
  7684 | D:4      | Bought an embroidered robe for 70 gold pieces
  7983 | D:6      | Found Setyschepno's Armour Emporium.
  8051 | D:6      | Found Zin's Purification Station.
  8055 | D:6      | Found a glowing silver altar of Zin.
  8276 | D:6      | Reached skill level 5 in Hexes
  8277 | D:6      | Gained mutation: Your flesh is cold resistant. (rC+)
                  | [demonic ancestry]
  8277 | D:6      | Reached XP level 9. HP: 62/66 MP: 7/16
  8277 | D:6      | Quit the game

Vanquished Creatures
  Grinder (D:4)
  Sigmund (D:2)
  A phantom (D:4)
  4 centaurs
  Blork the orc (D:4)
  2 bullfrogs
  2 scorpions (D:4)
  4 killer bees (D:5)
  2 howler monkeys (D:5)
  A bullfrog zombie (D:5)
  2 hounds
  Crazy Yiuf (D:2)
  A jelly (D:5)
  2 bullfrog skeletons
  Jessica (D:2)
  Ijyb (D:4)
  Natasha (thrice) (D:4)
  2 orc wizards
  A worker ant (D:5)
  A hound skeleton (D:5)
  12 adders
  A shadow imp (D:5)
  A white imp (D:5)
  An ooze (D:3)
  An adder zombie (D:5)
  4 worms
  A dart slug (D:3)
  5 leopard geckos
  25 orcs
  2 ball pythons (D:3)
  8 bats
  10 giant cockroaches
  11 goblins
  6 hobgoblins
  15 jackals
  5 quokkas
  2 frilled lizards
  9 kobolds
  A leopard gecko skeleton (D:5)
  A leopard gecko zombie (D:5)
  12 rats
167 creatures vanquished.

Vanquished Creatures (others)
  A human (D:2)
1 creature vanquished.

Grand Total: 168 creatures vanquished

Table legend:
 A = Non-vault XP
 B = Vault XP
 C = Vault XP percentage of total XP
 D = Non-vault monster count
 E = Vault monster count
 F = Vault count percentage of total count
                 A         B        C        D         E       F
            +---------+---------+-------+---------+---------+-------
      Total |    2085 |     797 |  27.7 |     158 |       9 |   5.4
            +---------+---------+-------+---------+---------+-------
        D:1 |      30 |       0 |   0.0 |      22 |       0 |   0.0
        D:2 |     118 |     304 |  72.0 |      33 |       3 |   8.3
        D:3 |     129 |       0 |   0.0 |      37 |       0 |   0.0
        D:4 |     390 |     442 |  53.1 |      17 |       4 |  19.0
        D:5 |    1024 |      51 |   4.7 |      31 |       2 |   6.1
        D:6 |     394 |       0 |   0.0 |      18 |       0 |   0.0
            +---------+---------+-------+---------+---------+-------

Illustrated notes

Table legend:
 A = Kills in this place as a percentage of kills in entire the game.
 B = Kills by you in this place as a percentage of kills by you in the entire game.
 C = Kills by friends in this place as a percentage of kills by friends in the entire game.
 D = Other kills in this place as a percentage of other kills in the entire game.
 E = Experience gained in this place as a percentage of experience gained in the entire game.
 F = Experience gained in this place divided by the number of levels of this place that you have seen.
                   A       B       C       D       E      F
               +-------+-------+-------+-------+-------+----------------------
         Total | 100.0 | 100.0 |   N/A |   N/A | 100.0 | 480.3
       Dungeon | 100.0 | 100.0 |   N/A |   N/A | 100.0 | 480.3
               +-------+-------+-------+-------+-------+----------------------

Table legend: (Time is in decaauts)
 A = Elapsed time spent in this place.
 B = Non-inter-level travel time spent in this place.
 C = Inter-level travel time spent in this place.
 D = Time resting spent in this place.
 E = Time spent auto-exploring this place.
 F = Levels seen in this place.
 G = Mean time per level.
                   A        B        C        D        E       F      G
               +--------+--------+--------+--------+--------+-----+--------+
         Total |   8287 |   7947 |    340 |      0 |   7056 |   6 | 1381.2 |
       Dungeon |   8287 |   7947 |    340 |      0 |   7056 |   6 | 1381.2 |
               +--------+--------+--------+--------+--------+-----+--------+

Top non-repeatable levels by time:
     D:5: 1926 daAuts
     D:3: 1648 daAuts
     D:4: 1617 daAuts
     D:2: 1447 daAuts
     D:1: 1014 daAuts
     D:6: 633 daAuts
